 Dungeon Crawl Stone Soup version 0.29.1-1-gd02db6906a (webtiles) character file.

Game seed: 17293069580407960252

2748 Ashen the Chiller (level 9, -7/69 HPs)
             Began as a Demonspawn Ice Elementalist on Oct 20, 2022.
             Was a Believer of Vehumet.
             Mangled by a slime creature (15 damage)
             ... on level 8 of the Dungeon.
             The game lasted 00:22:46 (9641 turns).

Ashen the Chiller (Demonspawn Ice Elementalist)     Turns: 9641, Time: 00:22:52

Health: -7/69      AC:  9    Str: 12    XL:     9   Next: 41%
Magic:  16/17      EV: 15    Int: 27    God:    Vehumet [**....]
Gold:   255        SH:  0    Dex: 19    Spells: 6/19 levels left

rFire   + . .      SeeInvis .   e - +1 dagger (venom)
rCold   . . .      Faith    .   (no shield)
rNeg    . . .      Spirit   .   a - +0 robe
rPois   +          Reflect  .   t - +1 helmet of the Hammering Gods {rElec rPois rF+ Will-}
rElec   +          Harm     .   k - +0 cloak
rCorr   .          Rampage  .   n - +0 pair of gloves
Will    .....                   y - +0 pair of boots
Stlth   +++.......              (no amulet)
HPRegen 0.21/turn               z - ring "Riuvo" {Str+3 Int+6}
MPRegen 0.15/turn               C - +6 ring of dexterity

@: studying Long Blades
A: hooves 1, icy blue scales 1, powered by death 1, powered by pain 1
a: Renounce Religion


You were on level 8 of the Dungeon.
You worshipped Vehumet.
Vehumet was pleased with you.
You visited 2 branches of the dungeon, and saw 9 of its levels.
You also visited: Ossuary.

You collected 335 gold pieces.
You spent 80 gold pieces at shops.

Inventory:

Hand Weapons
 c - a +0 mace
 e - a +1 dagger of venom (weapon)
 B - a +2 dagger of flaming
Armour
 a - a +0 robe (worn)
 k - a +0 cloak (worn)
 n - a +0 pair of gloves (worn)
 t - the +1 helmet of the Hammering Gods (worn) {rElec rPois rF+ Will-}
   (You found it on level 3 of the Dungeon)

   rF:        It protects you from fire.
   rElec:     It insulates you from electricity.
   rPois:     It protects you from poison.
   Will:      It decreases your willpower.
 y - a +0 pair of boots (worn)
Jewellery
 m - a ring of poison resistance
 x - the ring of the Wild Haggis {Fire Int+6 Dex-3 SInv Stlth+}
   (You bought it in a shop on level 3 of the Dungeon)

   [ring of fire]

   It enhances your fire magic.
   Int:       It affects your intelligence (+6).
   Dex:       It affects your dexterity (-3).
   rF:        It protects you from fire.
   rC:        It makes you vulnerable to cold.
   SInv:      It lets you see invisible.
   Stlth:     It makes you more stealthy.
 z - the ring "Riuvo" (left hand) {Str+3 Int+6}
   (You found it on level 4 of the Dungeon)

   [ring of intelligence]

   Str:       It affects your strength (+3).
   Int:       It affects your intelligence (+6).
 C - a +6 ring of dexterity (right hand)
 J - an amulet of guardian spirit
Wands
 K - a wand of acid (4)
Scrolls
 d - 3 scrolls of noise
 h - 3 scrolls of immolation
 i - a scroll of fog
 j - 10 scrolls of identify
 o - a scroll of brand weapon {unknown}
 r - a scroll of magic mapping
 w - 3 scrolls of enchant weapon
 A - a scroll of summoning {unknown}
 E - 2 scrolls of amnesia {unknown}
 H - a scroll of acquirement {unknown}
 L - a scroll of enchant armour {unknown}
 M - a scroll of vulnerability {unknown}
Potions
 b - a potion of magic
 f - 5 potions of haste
 g - 2 potions of resistance {unknown}
 l - 5 potions of brilliance {unknown}
 p - 4 potions of degeneration {unknown}
 q - 4 potions of might {unknown}
 s - 2 potions of heal wounds {unknown}
 u - a potion of cancellation {unknown}
 v - 2 potions of ambrosia {unknown}
 D - 3 potions of flight {unknown}
 F - a potion of curing {unknown}
 G - 2 potions of invisibility {unknown}
 I - a potion of berserk rage {unknown}


   Skills:
 + Level 5.8 Fighting
 + Level 5.7 Dodging
 - Level 5.0 Stealth
 + Level 5.8 Spellcasting
 + Level 6.6 Ice Magic


You had 6 spell levels left.
You knew the following spells:

 Your Spells              Type           Power      Damage    Failure   Level
a - Freeze                Ice            100%       1d11      1%          1
b - Frozen Ramparts       Ice            86%        1d13      1%          3
c - Ozocubu's Armour      Ice            43%        N/A       1%          3
d - Hailstorm             Conj/Ice       25%        3d7       17%         4
e - Sublimation of Blood  Necr           7%         N/A       10%         2

Your spell library contained the following spells:

 Spells                   Type           Power      Damage    Failure   Level
 Static Discharge         Conj/Air       7%         3-4/arc   10%         2
 Ensorcelled Hibernation  Hex/Ice        50%        N/A       2%          2
 Passwall                 Tmut/Erth      5%         N/A       10%         2
 Wereblood                Tmut           7%         N/A       10%         2
 Gell's Gravitas          Tloc           7%         N/A       21%         3
 Swiftness                Air            7%         N/A       21%         3
 Teleport Other           Tloc           7%         N/A       21%         3
 Dispersal                Tloc           3%         N/A       100%        6
 Summon Hydra             Summ           3%         N/A       100%        7


Dungeon Overview and Level Annotations

Branches:
Dungeon (8/15)             Temple (1/1) D:4         Ossuary (visited)
   Lair: D:8-11

Altars:
Ashenzari
Cheibriados
Dithmenos
Fedhas
Gozag
Hepliaklqana
Kikubaaqudgha
Makhleb
Qazlal
Ru
Sif Muna
Trog
Uskayaw
Vehumet
Wu Jian
Yredelemnul

Shops:
D:3 *   D:8 (

Annotations:
D:4 Edmund, Sigmund
D:7 1 runed translucent door, diceflayer's ghost, novice NaFi


Innate Abilities, Weirdness & Mutations

You have large cloven feet.
You are partially covered in icy blue scales. (AC +2)
You regenerate a little health from kills.
You sometimes gain a little power by taking damage.


Message History

Press: ? - help, Shift-Dir - straight line, f - slime creature
Aim: a slime creature You freeze the slime creature.
The slime creature is lightly wounded.
The slime creature closely misses you.
Casting: Freeze (safe; 1% risk of failure)
Confirm with . or Enter, or press ? or * to list all spells.
Aiming: Freeze (safe; 1% risk of failure)
Press: ? - help, Shift-Dir - straight line, f/p - slime creature
Aim: a slime creature (lightly wounded)
You freeze the slime creature.
The slime creature is lightly wounded.
The slime creature closely misses you.
Casting: Freeze (safe; 1% risk of failure)
Confirm with . or Enter, or press ? or * to list all spells.
Aiming: Freeze (safe; 1% risk of failure)
Press: ? - help, Shift-Dir - straight line, f/p - slime creature
Aim: a slime creature (lightly wounded)
You freeze the slime creature.
The slime creature is lightly wounded.
The slime creature hits you but does no damage.
Casting: Freeze (safe; 1% risk of failure)
Confirm with . or Enter, or press ? or * to list all spells.
Aiming: Freeze (safe; 1% risk of failure)
Press: ? - help, Shift-Dir - straight line, f/p - slime creature
Aim: a slime creature (lightly wounded)
You freeze the slime creature.
The slime creature is lightly wounded.
The slime creature hits you!
* * * LOW HITPOINT WARNING * * *
You focus on the pain.
You feel your power returning.
Casting: Freeze (safe; 1% risk of failure)
Confirm with . or Enter, or press ? or * to list all spells.
Aiming: Freeze (safe; 1% risk of failure)
Press: ? - help, Shift-Dir - straight line, f/p - slime creature
Aim: a slime creature (lightly wounded)
You freeze the slime creature.
The slime creature is moderately wounded.
The slime creature hits you!
You die...

#......# #......# #......#
.###########......#
..................#
..................#
....8...8........#
####.J...#####'####
####+###.....@...........#
#......#.................#
#......#...8...∩...8.....#
#......#.................#
#....<.#.........>.......#
##...[.#.................#
.##.....#.......8...8.....#
.........#.................#
..######...................#


You could see a slime creature.

Vanquished Creatures
  A komodo dragon (D:7)
  Prince Ribbit (D:5)
  A vampire (D:6)
  A steam dragon (D:7)
  An acid dragon (D:7)
  A water moccasin (D:5)
  2 ice beasts
  An orc warrior (D:6)
  A black bear (D:6)
  2 centaurs
  A phantom (D:6)
  A kobold brigand (D:7)
  A scorpion (D:6)
  5 howler monkeys
  6 hounds
  A jelly (D:6)
  3 orc priests (D:6)
  A gnoll bouda (D:7)
  3 iguanas
  6 orc wizards
  11 mummies (Ossuary)
  A gnoll (D:1)
  4 adders
  4 shadow imps
  An ufetubus (D:5)
  A worm (D:4)
  2 dart slugs
  28 orcs
  5 ball pythons
  3 bats
  8 endoplasms
  3 giant cockroaches
  5 goblins
  17 hobgoblins
  5 jackals
  10 kobolds
  5 quokkas
  3 frilled lizards (D:1)
  2 gnoll skeletons (Ossuary)
  2 goblin skeletons (Ossuary)
  A goblin zombie (D:6)
  4 kobold skeletons (Ossuary)
  A rat (D:3)
  11 rat skeletons (Ossuary)
  A rat zombie (D:6)
178 creatures vanquished.

Vanquished Creatures (others)
  10 fungi (D:1)
  3 plants (D:1)
13 creatures vanquished.

Grand Total: 191 creatures vanquished

Notes
Turn   | Place    | Note
-------+----------+-------------------------------------------
     0 | D:1      | Ashen the Demonspawn Ice Elementalist began the quest for
                  | the Orb.
     0 | D:1      | Reached XP level 1. HP: 13/13 MP: 3/3
   605 | D:1      | Gained mutation: You have large cloven feet. [demonic
                  | ancestry]
   605 | D:1      | Reached XP level 2. HP: 16/20 MP: 1/5
   705 | D:1      | Found a faded altar of an unknown god.
   960 | D:1      | Reached skill level 1 in Fighting
   985 | D:1      | Gained mutation: You are partially covered in icy blue
                  | scales. (AC +2) [demonic ancestry]
   985 | D:1      | Reached XP level 3. HP: 9/26 MP: 1/6
  1424 | D:1      | Learned a level 3 spell: Frozen Ramparts
  1900 | D:2      | Identified the +9 great sword "Cuhopapt" {drain, *Corrode
                  | rN++ Str+6}
  2292 | D:2      | Reached XP level 4. HP: 28/32 MP: 7/7
  2776 | D:3      | Identified the +1 helmet of the Hammering Gods {rElec rPois
                  | rF+ Will-}
  2829 | D:3      | Reached skill level 4 in Ice Magic
  3088 | D:3      | Found Supp's Assorted Antiques.
  3102 | D:3      | Bought a smoking steel ring for 80 gold pieces
  3102 | D:3      | Identified the ring of the Wild Haggis {Fire Int+6 Dex-3
                  | SInv Stlth+} (You bought it in a shop on level 3 of the
                  | Dungeon)
  3607 | D:4      | Gained mutation: You sometimes gain a little power by
                  | taking damage. [demonic ancestry]
  3607 | D:4      | Reached XP level 5. HP: 28/38 MP: 5/9
  3816 | D:4      | Noticed Edmund
  3875 | D:4      | Noticed Sigmund
  3975 | D:4      | Found a staircase to the Ecumenical Temple.
  3988 | Temple   | Entered the Ecumenical Temple
  4042 | Temple   | Became a worshipper of Vehumet
  4417 | D:4      | Learned a level 3 spell: Ozocubu's Armour
  4720 | D:4      | Identified the ring "Riuvo" {Str+3 Int+6}
  4962 | D:5      | Entered Level 5 of the Dungeon
  5090 | D:5      | Reached XP level 6. HP: 43/46 MP: 4/10
  5202 | D:5      | Noticed an ice beast
  5210 | D:5      | Learned a level 4 spell: Hailstorm
  5231 | D:5      | Killed an ice beast
  5302 | D:5      | Noticed Prince Ribbit
  5309 | D:5      | Killed Prince Ribbit
  5310 | D:5      | Gained mutation: You regenerate a little health from kills.
                  | [demonic ancestry]
  5310 | D:5      | Reached XP level 7. HP: 37/52 MP: 5/12
  5828 | D:5      | Reached skill level 5 in Ice Magic
  6240 | D:5      | Reached * piety under Vehumet
  6240 | D:5      | Offered knowledge of Foxfire by Vehumet.
  6966 | D:6      | Reached XP level 8. HP: 60/60 MP: 14/14
  7130 | D:6      | Found a sand-covered staircase.
  7219 | Ossuary  | Entered an ossuary
  7405 | Ossuary  | Reached skill level 5 in Stealth
  7562 | Ossuary  | Offered knowledge of Poisonous Vapours by Vehumet.
  7574 | Ossuary  | Reached ** piety under Vehumet
  7999 | D:6      | Reached skill level 5 in Spellcasting
  8246 | D:6      | Found a shimmering blue altar of Sif Muna.
  8369 | D:7      | Reached skill level 5 in Fighting
  8369 | D:7      | Reached skill level 5 in Dodging
  8369 | D:7      | Reached skill level 6 in Ice Magic
  8382 | D:7      | Learned a level 2 spell: Sublimation of Blood
  8423 | D:7      | Noticed a manticore
  8423 | D:7      | Noticed a slime creature
  8423 | D:7      | Noticed a komodo dragon
  8423 | D:7      | Noticed a purple ugly thing
  8423 | D:7      | Noticed a two-headed ogre
  8542 | D:8      | Found Lotemuoxt's Weapon Shop.
  8596 | D:7      | Offered knowledge of Static Discharge by Vehumet.
  8680 | D:6      | Reached XP level 9. HP: 37/68 MP: 15/17
  9324 | D:7      | Killed a komodo dragon
  9486 | D:7      | Found a runed translucent door.
  9487 | D:7      | Noticed diceflayer's ghost (novice NaFi)
  9641 | D:8      | Mangled by a slime creature

Illustrated notes

Levels and vault maps discovered:
D:1:      dpeg_arrival_round_b, layout_loops_ring,
          dreamdust_ecumenical_altar_grove
D:2:      layout_loops_ring, chequers_serial_rivers_micro_a,
          minmay_misc_feat_roman
D:3:      layout_loops_ring, serial_shops, shop_statue
D:4:      layout_layer_cave, temple_pool_b, sigmund_edmund_badplayer
D:5:      layout_layer_cave, chequers_serial_rivers_room_b, grunt_tough_drop,
          uniq_prince_ribbit1
D:6:      layout_cave_pools, lemuel_blue_sif_altar, enter_ossuary_4,
          serial_park_tiny_1, minmay_misc_feat_columns
D:7:      minmay_the_grid_octo_triangle [minmay_the_grid_octo_odd_swirl,
          minmay_the_grid_octo_prize_star, minmay_the_grid_octo_77],
          layout_loops_corners, gammafunk_ghost_grave
D:8:      layout_gridville, serial_shops, nicolae_stop_n_shop_1,
          hellmonk_guarded_unrand_vines, uniq_joseph
Temple:   nicolae_temple_x_marks_the_god

Skill      XL: |  1  2  3  4  5  6  7  8 |
---------------+-------------------------+-----
Stealth        | 2 3 4 5 |  5.0
Dodging        | 2 3 4 5 |  5.7
Fighting       | 1 2 3 5 |  5.8
Ice Magic      | 4 5 6 |  6.6
Spellcasting   | 3 4 5 |  5.8

Action                   |  1- 3 |  4- 6 |  7- 9 || total
-------------------------+-------+-------+-------++-------
Melee: Mace              |    50 |    99 |    11 ||   160
       Unarmed           |     1 |       |       ||     1
       Kick              |     9 |     6 |       ||    15
       Punch             |     1 |       |     4 ||     5
       Dagger            |       |       |   292 ||   292
 Cast: Freeze            |    37 |    67 |    29 ||   133
       Ozocubu's Armour  |       |     2 |    14 ||    16
       Frozen Ramparts   |       |     1 |    16 ||    17
Evoke: Wand              |       |       |     5 ||     5
  Use: Scroll            |       |       |    15 ||    15
       Potion            |       |       |     1 ||     1
 Stab: Sleeping          |     8 |     6 |    16 ||    30
Armor: Robe              |    24 |    90 |   100 ||   214
Dodge: Dodged            |    58 |   125 |   224 ||   407
